Map: Dusk Towers

Players

TTS - Winner!

  • Race: Protoss Protoss
  • League: Platinum

Yeti

  • Race: Terran Terran
  • League: Diamond

VOD

Have the link to the VOD?

Description

Time

  • Played on: Feb. 24, 2016, 12:22 a.m.
  • Length: 5:54
Show
View Real Time Build Order
Export as new Build Order

TTS Protoss - Winner!

Build Orders: Oracle Opening, Mass Adepts 

Get SALT Encoding   

  12  0:11  Pylon  
  12  0:15  Probe (Chrono Boost)  
  13  0:26  Probe (Chrono Boost)  
  14  0:30  Gateway  
  14  0:36  Probe (Chrono Boost)  
  15  0:47  Probe (Chrono Boost), Assimilator  
  16  0:52  Assimilator  
  16  0:57  Probe (Chrono Boost)  
  17  1:08  Probe (Chrono Boost)  
  18  1:17  Cybernetics Core  
  18  1:19  Probe (Chrono Boost)  
  19  1:26  Pylon  
  19  1:29  Probe (Chrono Boost)  
  20  1:43  Probe (Chrono Boost)  
  21  1:53  Stargate  
  21  1:54  Probe (Chrono Boost)  
  22  1:56  Adept (Chrono Boost)  
  24  2:02  Warp Gate  
  24  2:06  Probe  
  25  2:12  Pylon  
  25  2:33  Adept (Chrono Boost)  
  27  2:37  Probe  
  27  2:38  Oracle (Chrono Boost)  
  31  2:59  Pylon  
  31  3:06  Gateway  
  31  3:09  Gateway  
  31  3:10  Oracle (Chrono Boost)  
  34  3:35  Gateway  
  34  3:38  Pylon  
  34  3:42  Void Ray (Chrono Boost)  
  38  4:19  Void Ray (Chrono Boost), Adept x3  
  48  4:24  Pylon  
  48  4:30  Adept  
  50  4:43  Adept x2  
  54  4:47  Adept  
  56  4:52  Adept  
  58  5:13  Adept x2  
  62  5:35  Pylon  
Show
View Real Time Build Order
Export as new Build Order

Yeti Terran 

Build Orders: Command Center First (CC) 

Get SALT Encoding   

  12  0:00  SCV  
  13  0:12  SCV  
  14  0:18  Supply Depot  
  14  0:25  SCV  
  15  0:39  SCV  
  16  0:51  SCV  
  17  1:02  Command Center  
  17  1:04  SCV  
  18  1:15  Barracks  
  18  1:19  SCV  
  19  1:32  SCV, Barracks  
  20  1:50  SCV  
  21  2:02  Orbital Command  
  21  2:03  Marine  
  21  2:05  Bunker  
  22  2:15  Orbital Command  
  22  2:19  Marine  
  22  2:21  Marine  
  24  2:24  Supply Depot  
  24  2:43  SCV  
  25  2:44  SCV  
  25  2:47  Marine x2  
  28  2:52  Barracks  
  28  2:55  Engineering Bay  
  28  2:56  SCV x2  
  30  3:06  Marine x2  
  30  3:08  SCV  
  33  3:14  SCV  
  30  3:20  SCV  
  25  3:29  Marine x2  
  25  3:33  SCV x2  
  29  3:39  Missile Turret  
  29  3:40  Missile Turret  
  29  3:45  SCV x2  
  28  3:54  Marine x2  
  28  3:55  Marine  
  27  4:02  SCV x2  
  27  4:07  Refinery x2  
  27  4:14  SCV x2, Marine  
  27  4:15  Marine  
  27  4:16  Marine  
  32  4:26  SCV x2  
  34  4:32  Marine x2  
  34  4:34  Marine  
  37  4:40  SCV x2  
  39  4:51  Supply Depot  
  39  4:52  SCV, Marine, Barracks Tech Lab  
  39  4:53  SCV, Marine  
  43  5:05  Missile Turret, SCV x2  
  45  5:10  Marine  
  45  5:12  Marine  
  47  5:14  Supply Depot  
Tags
 
Add a new tag
Caveats
  • Supply blocks, unpowered buildings, or Contaminate may cause inaccurate times.
  • Supply counts are checked every 10 seconds.